 Dungeon Crawl Stone Soup version 0.18-a0-900-gbbf5c82 (webtiles) character file.

65 vatarom the Chopper (level 4, -3/35 HPs)
             Began as a Formicid Fighter on Dec 24, 2015.
             Killed from afar by a hobgoblin (38 damage)
             ... with an exploding inner flame
             ... hexed by the player character
             ... on level 2 of the Dungeon.
             The game lasted 00:06:01 (1906 turns).

vatarom the Chopper (Formicid Fighter)              Turns: 1906, Time: 00:06:01

Health: -3/35      AC:  6    Str: 21    XL:     4   Next: 34%
Magic:  4/4        EV:  7    Int:  8    God:
Gold:   83         SH:  9    Dex: 10    Spells: 0 memorised, 3 levels left

rFire  . . .     SeeInvis +     a - +0 war axe
rCold  . . .     Gourm    .     b - +0 scale mail
rNeg   . . .     Faith    .     c - +0 shield
rPois  .         Spirit   .     (helmet unavailable)
rElec  .         Dismiss  .     (no cloak)
rCorr  .         Reflect  .     (no gloves)
SustAt .         Harm     .     (no boots)
MR     .....                    (no amulet)
Stlth  ..........               (no ring)
                                (no ring)

@: not resistant to hostile enchantments, extremely unstealthy
A: permanent stasis, dig shafts and tunnels, four strong arms, antennae 3
a: Dig, Shaft Self


You were on level 2 of the Dungeon.
You were not hungry.

You visited 1 branch of the dungeon, and saw 2 of its levels.

You collected 83 gold pieces.

Inventory:

Hand Weapons
 a - a +0 war axe (weapon)
Armour
 b - a +0 scale mail (worn)
 c - a +0 shield (worn)
Wands
 j - a wand of confusion (17/48)
Scrolls
 h - 2 scrolls of identify
 i - a scroll of magic mapping
 l - 2 scrolls of recharging
Potions
 d - a potion of might
 e - a potion of heal wounds
Books
 k - a book of Changes

   Spells                             Type                      Level
   a - Beastly Appendage              Transmutation                1
   b - Sticks to Snakes               Transmutation                2
   c - Spider Form                    Transmutation/Poison         3
   d - Ice Form                       Ice/Transmutation            4
   e - Blade Hands                    Transmutation                5
Comestibles
 g - 2 beef jerkies


   Skills:
 - Level 3.2 Fighting
 + Level 4.2 Axes
 - Level 3.2 Armour
 - Level 3.6 Shields


You had 3 spell levels left.
You didn't know any spells.

Dungeon Overview and Level Annotations

Branches:
Dungeon (2/15)

Altars:


Innate Abilities, Weirdness & Mutations

You are under a permanent stasis effect.
You can dig through walls and to a lower floor.
Your four strong arms can wield two-handed weapons with a shield.
You have a pair of large antennae on your head (SInv).


Message History

You barely miss the hobgoblin.
The hobgoblin is moderately wounded.
You block the hobgoblin's attack.
You hit the hobgoblin but do no damage.
The hobgoblin is moderately wounded.
The hobgoblin barely misses you.
You barely miss the hobgoblin.
The hobgoblin is moderately wounded.
You block the hobgoblin's attack.
You hit the hobgoblin but do no damage.
The hobgoblin is moderately wounded.
The hobgoblin barely misses you. x2
You hit the hobgoblin.
The hobgoblin is heavily wounded.
The hobgoblin hits you but does no damage.
You hit the hobgoblin.
The hobgoblin explodes!
The fiery explosion engulfs you!
Ouch! That really hurt!
You die...

##.###### ######### #.#
........########.#
#######........#.##### #
#####...###........# #.
#.........#..#.###.########
#.###.###...#§§...............#
#............§§§....##.######.#
###.###.##.####@.....#.# #.#
#.## ##.#.####...)....# #.##
#.# #.#.......#.##### #... #.##
##.#########.# ###. ##.###..#
#.# #. ##...#.# ##+## #.
#####.# ##...## #. #.#
##.>...## ####. ##)##
##.......## ##.##.


There were no monsters in sight!

Vanquished Creatures
  Jessica (D:2)
  4 giant geckos
  A ball python (D:1)
  5 bats
  2 giant cockroaches
  7 hobgoblins
  2 kobolds
  6 goblins (D:2)
  5 rats
33 creatures vanquished.

Notes
Turn   | Place    | Note
--------------------------------------------------------------
     0 | D:1      | vatarom the Formicid Fighter began the quest for the Orb.
     0 | D:1      | Reached XP level 1. HP: 18/18 MP: 1/1
   121 | D:1      | Reached XP level 2. HP: 13/24 MP: 2/2
   541 | D:1      | Reached XP level 3. HP: 24/29 MP: 3/3
  1358 | D:2      | Noticed Jessica
  1392 | D:2      | Killed Jessica
  1392 | D:2      | Reached skill level 4 in Axes
  1392 | D:2      | Reached XP level 4. HP: 22/35 MP: 4/4
  1906 | D:2      | Killed from afar by a hobgoblin

Vault maps used:
D:1:      minmay_arrival_shattered_statue
D:2:      minmay_fountain_box, uniq_jessica

Action                   |  1- 3 |  4- 6 || total
-------------------------+-------+-------++-------
Melee: War axe           |    97 |    18 ||   115
 Abil: Dig               |     1 |       ||     1
  Use: Scroll            |     8 |     2 ||    10
       Potion            |     2 |       ||     2
  Eat: Beef jerky        |     1 |       ||     1
       Bread ration      |       |     1 ||     1
